 Dungeon Sprint DCSS version 0.16.2-12-gd0ad4c3 (webtiles) character file.

17736 Ponchio the Eclecticist (level 12, -10/59 HPs)
             Began as a Deep Elf Fire Elementalist on Oct 20, 2015.
             Was the Champion of Vehumet.
             Shot with a bolt by a torturous warmonger (14 damage)
             ... in the Dungeon (Sprint V: "Ziggurat Sprint").
             The game lasted 00:49:17 (2093 turns).

Ponchio the Eclecticist (DEFE)                      Turns: 2093, Time: 00:49:17

Health: -10/59     AC:  4    Str:  5    XL:     12   Next: 21%
Magic:  48/52      EV: 30    Int: 50    God:    Vehumet [******]
Gold:   0          SH:  0    Dex: 15    Spells: 7 memorised, 24 levels left

rFire  . . .     SeeInvis +     K - +6 Majin-Bo {vamp, Archmagi MP+6 Int+6}
rCold  + . .     Clarity  .     A - +2 robe {rN+}
rNeg   + . .     SustAb   .     (no shield)
rPois  .         Gourm    .     (no helmet)
rElec  .         Spirit   .     (no cloak)
rCorr  .         Warding  .     (no gloves)
rMut   +         NoTele   +     (no boots)
MR     +....                    E - amulet of Kafiklic {rMut rC+ Int+5}
Stlth  ++........               L - ring of Attitude {MP+9 EV+5 Int+7 SInv}
                                C - +6 ring of intelligence

@: very slightly contaminated, hasted, very quick, somewhat resistant to hostile
enchantments, unstealthy
A: no striking features
a: Renounce Religion


You were in the Dungeon.
You worshipped Vehumet.
Vehumet was exalted by your worship.
You were not hungry.

You visited 1 branch

Inventory:

Hand weapons
 K - the +6 Majin-Bo (weapon) {vamp, Archmagi MP+6 Int+6}
   (You found it in the Dungeon)

   It inflicts no extra harm, but heals its wielder somewhat when it strikes a
   living foe.
   It affects your intelligence (+6).
   It affects your magic capacity (+6).
Armour
 A - a +2 robe of positive energy (worn)
Jewellery
 C - a +6 ring of intelligence (left hand)
 E - the amulet of Kafiklic (around neck) {rMut rC+ Int+5}
   (You found it in the Dungeon)

   [amulet of resist mutation]

   It protects you from mutation.
   It affects your intelligence (+5).
   It protects you from cold.
 L - the ring of Attitude (right hand) {MP+9 EV+5 Int+7 SInv}
   (You found it in the Dungeon)

   [ring of evasion]

   It affects your evasion (+5).
   It affects your intelligence (+7).
   It affects your magic capacity (+9).
   It enhances your eyesight.
Magical devices
 F - a wand of disintegration (5)
 G - a wand of fire (5)
 H - a wand of cold (3)
 I - a wand of draining (0)
Scrolls
 a - 4 scrolls of enchant weapon
 i - 4 scrolls of blinking
 q - 4 scrolls of amnesia
 r - 3 scrolls of recharging
 s - 7 scrolls of fog
 t - a scroll of holy word
 u - 5 scrolls of identify
 v - 4 scrolls of remove curse
 w - 2 scrolls of fear
Potions
 d - 9 potions of curing
 e - 9 potions of heal wounds
 f - 2 potions of haste
 g - 7 potions of magic
 h - 3 potions of berserk rage
 j - 2 potions of brilliance
 k - 2 potions of invisibility
 l - 2 potions of restore abilities
 m - 4 potions of resistance
 o - 5 potions of agility
 p - 5 potions of might
Books
 b - a book of Flames

   Spells                             Type                      Level
   a - Flame Tongue                   Conjuration/Fire             1
   b - Throw Flame                    Conjuration/Fire             2
   c - Conjure Flame                  Conjuration/Fire             3
   d - Inner Flame                    Hexes/Fire                   3
   e - Sticky Flame                   Conjuration/Fire             4
   f - Fireball                       Conjuration/Fire             5
 y - a Young Poisoner's Handbook

   Spells                             Type                      Level
   a - Sting                          Conjuration/Poison           1
   b - Cure Poison                    Poison                       2
   c - Mephitic Cloud                 Conjuration/Poison/Air       3
   d - Olgreb's Toxic Radiance        Poison                       4
   e - Venom Bolt                     Conjuration/Poison           5
 B - a book of Ice

   Spells                             Type                      Level
   a - Ice Form                       Ice/Transmutation            4
   b - Metabolic Englaciation         Hexes/Ice                    5
   c - Ozocubu's Refrigeration        Ice                          6
   d - Bolt of Cold                   Conjuration/Ice              6
   e - Freezing Cloud                 Conjuration/Ice/Air          6
   f - Simulacrum                     Ice/Necromancy               6
 O - a book of Spatial Translocations

   Spells                             Type                      Level
   a - Apportation                    Translocation                1
   b - Blink                          Translocation                2
   c - Shroud of Golubria             Charms/Translocation         2
   d - Portal Projectile              Translocation                3
   e - Teleport Other                 Translocation                3
   f - Passage of Golubria            Translocation                4
 Q - a book of Death

   Spells                             Type                      Level
   a - Corpse Rot                     Necromancy                   2
   b - Sublimation of Blood           Necromancy                   2
   c - Agony                          Necromancy                   5
   d - Dispel Undead                  Necromancy                   5
   e - Excruciating Wounds            Charms/Necromancy            5
   f - Bolt of Draining               Conjuration/Necromancy       5
Miscellaneous
 D - a fan of gales
 J - a disc of storms
 M - a lamp of fire
Comestibles
 c - 5 bread rations
 x - 37 fruits
 z - 4 meat rations


   Skills:
 + Level 18.9 Dodging
 - Level 2.4 Stealth
 + Level 20.3 Spellcasting
 + Level 17.5 Conjurations
 + Level 2.4 Necromancy
 - Level 9.7 Fire Magic
 - Level 11.0 Evocations


You had 24 spell levels left.
You knew the following spells:

 Your Spells              Type           Power        Failure   Level  Hunger
a - Flame Tongue          Conj/Fire      #####        0%          1    None
b - Fireball              Conj/Fire      ########..   1%          5    None
c - Blink                 Tloc           N/A          1%          2    None
d - Dazzling Spray        Conj/Hex       ########     1%          3    None
e - Bolt of Cold          Conj/Ice       ########..   1%          6    None
f - Agony                 Necr           #######.     4%          5    None
g - Dispel Undead         Necr           #######.     4%          5    None


Dungeon Overview and Level Annotations

Branches:
Dungeon (1/1)

Altars:
Ashenzari
Cheibriados
Dithmenos
Elyvilon
Fedhas
Gozag
Kikubaaqudgha
Makhleb
Nemelex Xobeh
Okawaru
Qazlal
Ru
Sif Muna
Trog
Vehumet
Xom
Yredelemnul
Zin
The Shining One
Beogh
Jiyva
Lugonu


Message History

The fireball engulfs the blizzard demon.
The blizzard demon is burned terribly!
You kill the blizzard demon!
Vehumet accepts your kill.
Vehumet offers you knowledge of Conjure Ball Lightning.
You feel your power returning.
Your Necromancy skill gained 2 levels and is now at level 2!
The fireball engulfs Faunk.
Faunk is lightly wounded.
The fireball engulfs the torturous warmonger.
The torturous warmonger focuses on the pain.
The torturous warmonger suddenly seems more agile.
The torturous warmonger is moderately wounded.
The torturous warmonger shouts!
The torturous warmonger unwields an uncursed demon blade of freezing.
The torturous warmonger wields a glowing arbalest.
The torturous warmonger shoots a bolt.
The bolt hits you!!!
Ouch! That really hurt!
* * * LOW HITPOINT WARNING * * *
You die... 443

▓...8©8...▓ ......6..
▓..}})....▓
......4....▓...|)|...▓
▓.....&.....▓.........▓
...........▓...)).=..▓
▓...........▓...)))...▓
▓..▓.....▓..▓...).....▓
▓...........▓.▓.....▓.▓
▓.....@.....▓.........▓
▓▓▓▓▓▓▓▓▓▓▓▓▓▓▓▓▓▓▓▓▓▓▓
▓...8©8...▓...8©8...▓..
▓...=}[.).▓..|)}|...▓..
▓..)|..[..▓..)}.}}..▓..
▓..:.)....▓.........▓..
▓....))...▓...).....▓..
▓....)....▓.........▓..
▓.........▓....)....▓..


You could see Faunk, a torturous warmonger, a soul eater, a hellwing, a blue
devil and a red devil.

Vanquished Creatures
  3 reapers (D)
  A yellow draconian (D)
  A blizzard demon (D)
  A hell knight (D)
  4 deep elf knights (D)
  A skeletal warrior (D)
  2 deep elf summoners (D)
  7 draconians (D)
  A black mamba (D)
  A cyclops (D)
  2 rust devils (D)
  2 hellions (D)
  2 red devils (D)
  An ancient zyme (D)
  8 merfolk (D)
  2 wraiths (D)
  A yak (D)
  A shadow (D)
  2 deep elf magi (D)
  2 deep elf fighters (D)
  A chaos spawn (D)
  A water moccasin (D)
  2 hippogriffs (D)
  A wolf (D)
  A centaur (D)
  A quasit (D)
  2 wights (D)
  A crimson imp (D)
  An iguana (D)
  3 sheep (D)
  A river rat (D)
  2 adders (D)
  3 shadow imps (D)
  2 white imps (D)
  An ufetubus (D)
  3 adder zombies (D)
  An adder skeleton (D)
  2 ball pythons (D)
  A giant cockroach zombie (D)
  A fungus (D)
76 creatures vanquished.

Notes
Turn   | Place    | Note
--------------------------------------------------------------
     0 | D        | Ponchio, the Deep Elf Fire Elementalist, began the quest for the Orb.
     0 | D        | Reached XP level 1. HP: 10/10 MP: 5/5
     0 | D        | Found a viscous altar of Jiyva.
     0 | D        | Found a corrupted altar of Lugonu.
     0 | D        | Found a white marble altar of Elyvilon.
     1 | D        | Found a burning altar of Makhleb.
     1 | D        | Found an iron altar of Okawaru.
     3 | D        | Found a sparkling altar of Nemelex Xobeh.
     3 | D        | Found a basalt altar of Yredelemnul.
     3 | D        | Found a deep blue altar of Sif Muna.
     3 | D        | Found a radiant altar of Vehumet.
     7 | D        | Found a bloodstained altar of Trog.
    25 | D        | Found a shimmering altar of Xom.
    33 | D        | Became a worshipper of Vehumet
    52 | D        | Reached skill level 8 in Evocations
    52 | D        | Reached XP level 2. HP: 15/15 MP: 7/8
   106 | D        | Entered arena 1.
   106 | D        | Noticed a deep elf fighter
   106 | D        | Noticed a deep elf knight
   108 | D        | Killed a deep elf fighter
   108 | D        | Reached skill level 5 in Conjurations
   108 | D        | Reached XP level 3. HP: 17/19 MP: 16/16
   108 | D        | Reached XP level 4. HP: 21/24 MP: 18/18
   115 | D        | Killed a deep elf knight
   115 | D        | Reached skill level 10 in Dodging
   115 | D        | Reached skill level 11 in Spellcasting
   115 | D        | Reached XP level 5. HP: 28/28 MP: 20/25
   115 | D        | Reached XP level 6. HP: 32/32 MP: 21/27
   115 | D        | Reached XP level 7. HP: 36/36 MP: 21/28
   148 | D        | Learned a level 5 spell: Fireball
   172 | D        | Entered arena 2.
   173 | D        | Acquired Vehumet's first power
   173 | D        | Offered knowledge of Sting by Vehumet.
   215 | D        | Entered arena 3.
   215 | D        | Noticed a wolf
   215 | D        | Noticed an iguana
   215 | D        | Noticed a yak
   216 | D        | Killed a wolf
   216 | D        | Killed an iguana
   217 | D        | Killed a yak
   217 | D        | Reached skill level 12 in Spellcasting
   217 | D        | Reached skill level 10 in Conjurations
   305 | D        | Got the amulet of Kafiklic {rMut rC+ Int+5}
   307 | D        | Got the ring of Attitude {MP+9 EV+5 Int+7 SInv}
   347 | D        | Entered arena 4.
   347 | D        | Noticed a deep elf mage
   347 | D        | Noticed a deep elf summoner
   347 | D        | Noticed a deep elf knight
   347 | D        | Noticed a deep elf mage
   348 | D        | Killed a deep elf mage
   348 | D        | Acquired Vehumet's second power
   348 | D        | Offered knowledge of Sandblast by Vehumet.
   348 | D        | Reached XP level 8. HP: 41/41 MP: 31/31
   348 | D        | Killed a deep elf mage
   349 | D        | Killed a deep elf summoner
   349 | D        | Reached skill level 13 in Spellcasting
   349 | D        | Killed a deep elf knight
   349 | D        | Acquired Vehumet's third power
   349 | D        | Reached skill level 14 in Spellcasting
   349 | D        | Reached XP level 9. HP: 39/45 MP: 33/33
   457 | D        | Entered arena 5.
   457 | D        | Noticed a deep elf fighter
   457 | D        | Noticed a deep elf knight
   457 | D        | Noticed a deep elf summoner
   457 | D        | Noticed a deep elf knight
   458 | D        | Killed a deep elf fighter
   461 | D        | Killed a deep elf knight
   461 | D        | Reached skill level 15 in Spellcasting
   462 | D        | Killed a deep elf knight
   462 | D        | Killed a deep elf summoner
   462 | D        | Reached skill level 15 in Dodging
   462 | D        | Reached skill level 16 in Spellcasting
   462 | D        | Reached XP level 10. HP: 44/50 MP: 34/35
   529 | D        | Entered arena 6.
   529 | D        | Noticed a merfolk
   529 | D        | Noticed a merfolk
   529 | D        | Noticed a merfolk
   529 | D        | Noticed a merfolk
   529 | D        | Noticed a cyclops
   530 | D        | Offered knowledge of Throw Frost by Vehumet.
   530 | D        | Killed a merfolk
   531 | D        | Killed a merfolk
   532 | D        | Killed a cyclops
   533 | D        | Killed a merfolk
   535 | D        | Killed a merfolk
   548 | D        | Learned a level 2 spell: Blink
   721 | D        | Entered arena 7.
   721 | D        | Noticed a black mamba
   721 | D        | Noticed a water moccasin
   722 | D        | Offered knowledge of Dazzling Spray by Vehumet.
   723 | D        | Killed a black mamba
   723 | D        | Reached skill level 17 in Spellcasting
   725 | D        | Killed a water moccasin
   851 | D        | Learned a level 3 spell: Dazzling Spray
   853 | D        | Entered arena 8.
   853 | D        | Noticed a crimson imp
   853 | D        | Noticed a quasit
   853 | D        | Noticed a chaos spawn
   853 | D        | Noticed an ancient zyme
   854 | D        | Killed a chaos spawn
   854 | D        | Offered knowledge of Stone Arrow by Vehumet.
   855 | D        | Killed an ancient zyme
   856 | D        | Killed a quasit
   858 | D        | Killed a crimson imp
   993 | D        | Entered arena 9.
   993 | D        | Noticed a draconian
   993 | D        | Noticed a draconian
   993 | D        | Noticed a draconian
   993 | D        | Noticed a yellow draconian
   993 | D        | Noticed a draconian
   993 | D        | Noticed a draconian
   993 | D        | Noticed a draconian
   993 | D        | Noticed a draconian
   995 | D        | Killed a draconian
   995 | D        | Reached skill level 5 in Fire Magic
   997 | D        | Killed a draconian
   997 | D        | Reached skill level 15 in Conjurations
   998 | D        | Killed a draconian
   998 | D        | Killed a draconian
   998 | D        | Killed a draconian
   998 | D        | Reached skill level 18 in Spellcasting
   998 | D        | Reached XP level 11. HP: 37/54 MP: 37/37
   998 | D        | Killed a yellow draconian
   999 | D        | Killed a draconian
  1000 | D        | Killed a draconian
  1212 | D        | Entered arena 10.
  1212 | D        | Noticed a merfolk
  1212 | D        | Noticed a centaur
  1212 | D        | Noticed a merfolk
  1212 | D        | Noticed a merfolk
  1212 | D        | Noticed a hippogriff
  1212 | D        | Noticed a merfolk
  1212 | D        | Noticed a hippogriff
  1213 | D        | Killed a hippogriff
  1213 | D        | Offered knowledge of Venom Bolt by Vehumet.
  1213 | D        | Killed a centaur
  1214 | D        | Killed a merfolk
  1214 | D        | Killed a merfolk
  1215 | D        | Killed a merfolk
  1217 | D        | Killed a hippogriff
  1220 | D        | Killed a merfolk
  1472 | D        | Entered arena 11.
  1472 | D        | Noticed a wight
  1472 | D        | Noticed a shadow
  1472 | D        | Noticed a hellion
  1472 | D        | Noticed a wraith
  1472 | D        | Noticed a red devil
  1472 | D        | Noticed a reaper
  1475 | D        | Noticed a wight
  1475 | D        | Killed a hellion
  1476 | D        | Killed a shadow
  1476 | D        | Offered knowledge of Iskenderun's Battlesphere by Vehumet.
  1477 | D        | Killed a reaper
  1477 | D        | Reached skill level 19 in Spellcasting
  1477 | D        | Killed a wraith
  1478 | D        | Killed a wight
  1483 | D        | Killed a red devil
  1484 | D        | Killed a wight
  1712 | D        | Learned a level 6 spell: Bolt of Cold
  1716 | D        | Entered arena 12.
  1716 | D        | Noticed a red devil
  1716 | D        | Noticed a rust devil
  1716 | D        | Noticed a reaper
  1716 | D        | Noticed a hell knight
  1716 | D        | Noticed a wraith
  1716 | D        | Noticed a hellion
  1717 | D        | Noticed a rust devil
  1717 | D        | Noticed a reaper
  1718 | D        | Noticed a skeletal warrior
  1718 | D        | Offered knowledge of Bolt of Draining by Vehumet.
  1718 | D        | Killed a wraith
  1720 | D        | Killed a reaper
  1720 | D        | Killed a reaper
  1720 | D        | Reached skill level 10 in Evocations
  1722 | D        | Killed a hell knight
  1722 | D        | Reached XP level 12. HP: 36/59 MP: 33/39
  1722 | D        | Killed a hellion
  1723 | D        | Killed a red devil
  1723 | D        | Reached skill level 20 in Spellcasting
  1725 | D        | Killed a rust devil
  1726 | D        | Killed a skeletal warrior
  1729 | D        | Killed a rust devil
  1964 | D        | Identified Thiup's Papyrus of the Unstable Escort (You found it in the Dungeon)
  1978 | D        | Learned a level 5 spell: Agony
  1984 | D        | Learned a level 5 spell: Dispel Undead
  2091 | D        | Entered arena 13.
  2091 | D        | Noticed a blizzard demon
  2091 | D        | Noticed Faunk the pandemonium lord
  2091 | D        | Noticed a reaper
  2092 | D        | Noticed a cacodemon
  2092 | D        | Noticed an orange demon
  2092 | D        | Noticed a hellwing
  2093 | D        | Noticed a blue devil
  2093 | D        | Noticed a torturous warmonger
  2093 | D        | Noticed a soul eater
  2093 | D        | Noticed a red devil
  2093 | D        | Killed a blizzard demon
  2093 | D        | Offered knowledge of Conjure Ball Lightning by Vehumet.
  2093 | D        | Shot with a bolt by a torturous warmonger

Action                   |  1- 3 |  4- 6 |  7- 9 | 10-12 || total
-------------------------+-------+-------+-------+-------++-------
Melee: Quarterstaff      |       |       |       |     5 ||     5
 Cast: Fireball          |       |       |     7 |    37 ||    44
       Dazzling Spray    |       |       |       |     7 ||     7
       Bolt of Cold      |       |       |       |     7 ||     7
Evoke: Wand              |     1 |     5 |     1 |     2 ||     9
  Use: Potion            |     1 |     2 |     1 |     5 ||     9
       Scroll            |       |       |     1 |     4 ||     5
  Eat: Fruit             |     2 |       |     1 |     2 ||     5
       Chunk             |       |       |       |     4 ||     4
